Map: Odyssey LE

Players

DeathLegion

  • Race: Terran Terran
  • Spawn Location: 5:00

Florencio - Winner!

  • Race: Protoss Protoss
  • League: Diamond
  • Spawn Location: 11:00

VOD

Have the link to the VOD?

Description

Time

  • Played on: Sept. 26, 2017, 10:03 p.m.
  • Length: 3:18
Show
View Real Time Build Order
Export as new Build Order

DeathLegion Terran 

Build Orders:  

Get SALT Encoding   

  12  0:02  SCV  
  13  0:18  Supply Depot  
  13  0:23  Refinery  
  13  0:24  SCV  
  14  0:38  SCV  
  15  0:47  Barracks  
  15  0:50  SCV  
  16  1:03  SCV  
  17  1:07  Refinery  
  17  1:15  SCV  
  18  1:27  SCV  
  19  1:39  SCV, Barracks Reactor  
  20  1:50  Factory  
  20  1:51  SCV  
Show
View Real Time Build Order
Export as new Build Order

Florencio Protoss - Winner!

Build Orders: 1 Gate Expand 

Get SALT Encoding   

  12  0:03  Probe (Chrono Boost)  
  14  0:15  Probe (Chrono Boost)  
  14  0:19  Pylon  
  14  0:27  Probe (Chrono Boost)  
  15  0:39  Probe (Chrono Boost)  
  16  0:44  Gateway  
  17  0:51  Probe (Chrono Boost), Assimilator  
  17  1:03  Probe (Chrono Boost)  
  18  1:14  Probe (Chrono Boost)  
  18  1:22  Probe (Chrono Boost)  
  20  1:28  Nexus  
  20  1:44  Pylon  
  20  2:01  Pylon  
  20  2:05  Unknown  
  20  2:14  Cybernetics Core  
  20  2:19  Pylon  
  20  2:23  Unknown  
  20  2:25  Pylon  
  21  2:44  Probe (Chrono Boost)  
  20  2:54  Probe (Chrono Boost)  
  20  2:56  Probe (Chrono Boost)  
Tags
 
League
Diamond
Matchup
PvT
Spawn Locations
Cross Positions
Add a new tag
Caveats
  • Supply blocks, unpowered buildings, or Contaminate may cause inaccurate times.
  • Supply counts are checked every 10 seconds.